2860 views
Uploaded 2020-03-14 20:36:51
Game version 1.32.2
26:13 long 4on4 ladder game on (8)TwilightRuins_LV
Saved by BEARAND
2860 views
Uploaded 2020-03-14 20:36:51
Game version 1.32.2
26:13 long 4on4 ladder game on (8)TwilightRuins_LV


129 units @ 12.7k
/ 1.1k
300 buildings @ 17.5k
/ 9.4k


| Healing Salve | 2 | 200 |
| Potion of Healing | 1 | 150 |
| Potion of Mana | 2 | 400 |
| Orb of Lightning | 1 | 375 |
| Staff of Teleportation | 2 | 300 |
| Boots of Speed | 2 | 500 |
| Staff of Sanctuary | 2 | 500 |
| Scroll of Regeneration | 1 | 100 |
| total: | 13 | 2525g |
| Peon | 17 | 1275 | / | 0 |
| Troll Batrider | 20 | 3200 | / | 800 |
| total: | 37 | 4475g | / | 800w |
| Watch Tower | 19 | 2090 | / | 1520 |
| Altar of Storms | 1 | 180 | / | 50 |
| Orc Burrow | 4 | 640 | / | 160 |
| War Mill | 2 | 410 | / | 0 |
| Voodoo Lounge | 4 | 520 | / | 120 |
| Beastiary | 3 | 435 | / | 420 |
| Stronghold | 1 | 315 | / | 190 |
| Fortress | 1 | 325 | / | 190 |
| total: | 33 | 4275g | / | 2270w |
| 0:00 | Peon |
| 0:04 | Altar of Storms |
| 0:09 | Peon |
| 0:16 | Orc Burrow |
| 0:17 | Peon |
| 0:31 | Peon |
| 0:55 | Peon |
| 1:08 | War Mill |
| 1:13 | Peon |
| 1:20 | Peon |
| 1:24 | Peon |
| 1:34 | Voodoo Lounge |
| 1:37 | Voodoo Lounge |
| 1:42 | Peon |
| 2:12 | War Stomp |
| 2:15 | Peon |
| 2:50 | Watch Tower |
| 2:51 | Watch Tower |
| 3:27 | Orc Burrow |
| 3:43 | Watch Tower |
| 3:45 | Watch Tower |
| 4:01 | Stronghold |
| 4:12 | Spiked Barricades |
| 4:49 | Watch Tower |
| 4:50 | Watch Tower |
| 4:53 | Healing Salve |
| 5:01 | Watch Tower |
| 5:24 | Watch Tower |
| 5:24 | Watch Tower |
| 5:41 | Orc Burrow |
| 6:35 | Watch Tower |
| 6:36 | Peon |
| 6:36 | Peon |
| 6:38 | Watch Tower |
| 6:49 | Peon |
| 7:00 | Peon |
| 7:12 | Staff of Teleportation |
| 7:13 | Boots of Speed |
| 7:24 | Hex |
| 7:30 | Peon |
| 7:35 | Beastiary |
| 7:37 | Beastiary |
| 8:01 | Orc Burrow |
| 8:21 | Endurance Aura |
| 8:29 | Potion of Healing |
| 8:38 | Potion of Mana |
| 9:15 | Troll Batrider |
| 9:54 | Troll Batrider |
| 10:15 | Watch Tower |
| 10:21 | Troll Batrider |
| 11:15 | Peon |
| 11:15 | Peon |
| 11:17 | Troll Batrider |
| 11:34 | Reinforced Defenses |
| 11:34 | Steel Ranged Weapons |
| 11:49 | Staff of Teleportation |
| 11:49 | Boots of Speed |
| 13:09 | War Stomp |
| 13:11 | Healing Salve |
| 13:24 | Fortress |
| 13:25 | Troll Batrider |
| 13:53 | Thorium Ranged Weapons |
| 14:33 | Troll Batrider |
| 14:42 | Staff of Sanctuary |
| 14:46 | Scroll of Regeneration |
| 15:10 | Healing Wave |
| 15:12 | Staff of Sanctuary |
| 15:22 | Troll Batrider |
| 15:22 | Troll Batrider |
| 16:24 | Troll Batrider |
| 16:47 | Troll Batrider |
| 16:48 | Arcanite Ranged Weapons |
| 16:54 | Liquid Fire |
| 17:00 | Watch Tower |
| 17:01 | Watch Tower |
| 17:13 | Voodoo Lounge |
| 17:22 | Orb of Lightning |
| 17:54 | Troll Batrider |
| 18:26 | Voodoo Lounge |
| 18:44 | Endurance Aura |
| 18:46 | Troll Batrider |
| 19:37 | Troll Batrider |
| 20:01 | Troll Batrider |
| 21:18 | Troll Batrider |
| 22:45 | Troll Batrider |
| 22:45 | Troll Batrider |
| 22:51 | War Mill |
| 23:31 | Steel Armor |
| 23:37 | Troll Batrider |
| 23:54 | Troll Batrider |
| 24:02 | Beastiary |
| 24:50 | Troll Batrider |
| 25:11 | Potion of Mana |
| 25:54 | Watch Tower |
| 25:54 | Watch Tower |
| 25:55 | Watch Tower |
| 25:55 | Watch Tower |
| 25:56 | Watch Tower |
| Right click | 1842 |
| Select | 669 |
| Select group | 583 |
| Assign group | 300 |
| Build/train/purchase | 104 |
| Use ability | 73 |
| Chat | 22 |
| Resource trade | 16 |
| Minimap ping | 10 |
| Item give/drop | 8 |
| Remove unit | 1 |
⇛
iggythefisk
(26:08) : 


| Scroll of Regeneration | 5 | 500 |
| Lesser Clarity Potion | 3 | 210 |
| Orb of Fire | 2 | 650 |
| Staff of Sanctuary | 3 | 750 |
| Mechanical Critter | 1 | 50 |
| Potion of Healing | 1 | 150 |
| Boots of Speed | 3 | 750 |
| Staff of Teleportation | 3 | 450 |
| Healing Salve | 1 | 100 |
| Orb of Lightning | 1 | 375 |
| total: | 23 | 3985g |
| Peasant | 24 | 1800 | / | 0 |
| Priest | 1 | 135 | / | 10 |
| total: | 25 | 1935g | / | 10w |
| Scout Tower | 65 | 1950 | / | 1300 |
| Arcane Tower | 4 | 280 | / | 200 |
| Guard Tower | 28 | 1960 | / | 1400 |
| Altar of Kings | 1 | 180 | / | 50 |
| Lumber Mill | 1 | 120 | / | 0 |
| Farm | 3 | 240 | / | 60 |
| Arcane Vault | 2 | 260 | / | 60 |
| Town Hall | 3 | 1155 | / | 615 |
| Arcane Sanctum | 1 | 150 | / | 140 |
| Keep | 1 | 320 | / | 210 |
| Castle | 1 | 360 | / | 210 |
| total: | 76 | 4055g | / | 2225w |
| 0:01 | Peasant |
| 0:02 | Altar of Kings |
| 0:06 | Peasant |
| 0:20 | Peasant |
| 0:26 | Lumber Mill |
| 0:32 | Farm |
| 0:33 | Peasant |
| 0:48 | Peasant |
| 1:01 | Farm |
| 1:05 | Peasant |
| 1:11 | Peasant |
| 1:18 | Scout Tower |
| 1:25 | Peasant |
| 1:29 | Scout Tower |
| 1:32 | Improved Masonry |
| 1:35 | Peasant |
| 1:48 | Arcane Tower |
| 1:55 | Peasant |
| 2:00 | Scout Tower |
| 2:07 | Storm Bolt |
| 2:11 | Peasant |
| 2:12 | Guard Tower |
| 2:25 | Peasant |
| 2:40 | Peasant |
| 2:41 | Guard Tower |
| 2:42 | Scout Tower |
| 2:54 | Peasant |
| 2:56 | Scout Tower |
| 3:12 | Arcane Vault |
| 3:13 | Guard Tower |
| 3:21 | Scout Tower |
| 3:59 | Bash |
| 4:07 | Guard Tower |
| 4:09 | Scout Tower |
| 4:10 | Scout Tower |
| 4:13 | Keep |
| 4:37 | Guard Tower |
| 4:41 | Scout Tower |
| 4:52 | Boots of Speed |
| 4:53 | Staff of Teleportation |
| 5:06 | Guard Tower |
| 5:10 | Scout Tower |
| 5:11 | Scout Tower |
| 5:15 | Arcane Tower |
| 5:17 | Farm |
| 5:46 | Storm Bolt |
| 5:53 | Guard Tower |
| 6:24 | Scroll of Regeneration |
| 6:33 | Lesser Clarity Potion |
| 6:34 | Scroll of Regeneration |
| 6:45 | Town Hall |
| 6:46 | Scout Tower |
| 6:47 | Scout Tower |
| 7:14 | Guard Tower |
| 7:15 | Scout Tower |
| 7:15 | Scout Tower |
| 7:42 | Guard Tower |
| 8:11 | Town Hall |
| 8:12 | Scout Tower |
| 8:13 | Scout Tower |
| 8:14 | Scout Tower |
| 8:14 | Scout Tower |
| 8:20 | Guard Tower |
| 8:21 | Scout Tower |
| 8:22 | Scout Tower |
| 8:30 | Castle |
| 8:50 | Advanced Masonry |
| 8:50 | Improved Lumber Harvesting |
| 8:51 | Guard Tower |
| 8:53 | Guard Tower |
| 8:57 | Scout Tower |
| 8:57 | Scout Tower |
| 8:58 | Scout Tower |
| 9:14 | Scout Tower |
| 9:15 | Scout Tower |
| 9:16 | Scout Tower |
| 9:16 | Scout Tower |
| 9:18 | Guard Tower |
| 9:21 | Scout Tower |
| 9:22 | Scout Tower |
| 9:22 | Scout Tower |
| 9:25 | Holy Light |
| 9:27 | Healing Salve |
| 9:31 | Lesser Clarity Potion |
| 9:47 | Staff of Teleportation |
| 10:15 | Guard Tower |
| 10:42 | Guard Tower |
| 10:46 | Boots of Speed |
| 10:50 | Guard Tower |
| 11:12 | Guard Tower |
| 11:25 | Orb of Fire |
| 11:25 | Scroll of Regeneration |
| 11:29 | Peasant |
| 11:29 | Peasant |
| 11:33 | Scout Tower |
| 11:35 | Arcane Tower |
| 11:40 | Peasant |
| 11:44 | Scout Tower |
| 11:44 | Scout Tower |
| 11:54 | Peasant |
| 12:00 | Guard Tower |
| 12:01 | Scout Tower |
| 12:04 | Peasant |
| 12:04 | Peasant |
| 12:40 | Guard Tower |
| 12:42 | Scout Tower |
| 12:45 | Arcane Vault |
| 12:48 | Peasant |
| 12:55 | Scroll of Regeneration |
| 12:57 | Staff of Sanctuary |
| 13:00 | Peasant |
| 13:02 | Imbued Masonry |
| 13:03 | Advanced Lumber Harvesting |
| 13:46 | Guard Tower |
| 13:47 | Scout Tower |
| 13:48 | Scout Tower |
| 13:55 | Lesser Clarity Potion |
| 13:57 | Mechanical Critter |
| 14:10 | Scout Tower |
| 14:11 | Scout Tower |
| 14:31 | Arcane Sanctum |
| 14:43 | Guard Tower |
| 14:45 | Scout Tower |
| 14:46 | Scout Tower |
| 15:11 | Guard Tower |
| 15:12 | Guard Tower |
| 15:13 | Scout Tower |
| 15:14 | Scout Tower |
| 15:14 | Scout Tower |
| 15:15 | Scout Tower |
| 15:18 | Banish |
| 15:52 | Bash |
| 16:06 | Divine Shield |
| 16:07 | Boots of Speed |
| 16:08 | Staff of Teleportation |
| 16:45 | Staff of Sanctuary |
| 16:50 | Orb of Fire |
| 16:53 | Guard Tower |
| 16:54 | Scout Tower |
| 16:54 | Scout Tower |
| 16:56 | Magic Sentry |
| 16:57 | Priest Adept Training |
| 16:57 | Priest |
| 16:59 | Scout Tower |
| 16:59 | Scout Tower |
| 17:00 | Guard Tower |
| 17:02 | Scout Tower |
| 17:03 | Scout Tower |
| 17:10 | Scout Tower |
| 17:11 | Scout Tower |
| 17:15 | Scout Tower |
| 17:15 | Scout Tower |
| 17:16 | Scout Tower |
| 18:01 | Guard Tower |
| 18:02 | Scout Tower |
| 18:03 | Scout Tower |
| 18:06 | Arcane Tower |
| 18:53 | Town Hall |
| 18:55 | Scout Tower |
| 18:56 | Scout Tower |
| 18:57 | Scout Tower |
| 18:58 | Scout Tower |
| 18:58 | Scout Tower |
| 18:58 | Scout Tower |
| 19:02 | Guard Tower |
| 19:19 | Staff of Sanctuary |
| 19:38 | Guard Tower |
| 20:30 | Potion of Healing |
| 20:56 | Scroll of Regeneration |
| 21:26 | Orb of Lightning |
| 21:32 | Peasant |
| 21:32 | Peasant |
| Right click | 1887 |
| Select group | 810 |
| Assign group | 479 |
| Select | 416 |
| Chat | 332 |
| Build/train/purchase | 184 |
| Use ability | 92 |
| Resource trade | 45 |
| Misc. action | 17 |
| Item give/drop | 3 |
| Minimap ping | 1 |
BEARAND
(26:08) : 


| Potion of Healing | 4 | 600 |
| Scroll of Regeneration | 1 | 100 |
| Staff of Sanctuary | 3 | 750 |
| Potion of Mana | 1 | 200 |
| Scroll of Town Portal | 3 | 1050 |
| Staff of Teleportation | 3 | 450 |
| Boots of Speed | 3 | 750 |
| Periapt of Vitality | 2 | 650 |
| Healing Salve | 3 | 300 |
| Orb of Lightning | 3 | 1125 |
| total: | 26 | 5975g |
| Peasant | 20 | 1500 | / | 0 |
| Priest | 1 | 135 | / | 10 |
| Dragonhawk Rider | 4 | 800 | / | 120 |
| total: | 25 | 2435g | / | 130w |
| Scout Tower | 77 | 2310 | / | 1540 |
| Arcane Tower | 5 | 350 | / | 250 |
| Guard Tower | 67 | 4690 | / | 3350 |
| Altar of Kings | 1 | 180 | / | 50 |
| Farm | 5 | 400 | / | 100 |
| Lumber Mill | 1 | 120 | / | 0 |
| Town Hall | 1 | 385 | / | 205 |
| Arcane Vault | 3 | 390 | / | 90 |
| Blacksmith | 1 | 140 | / | 60 |
| Barracks | 1 | 160 | / | 60 |
| Arcane Sanctum | 1 | 150 | / | 140 |
| Gryphon Aviary | 1 | 140 | / | 150 |
| Keep | 1 | 320 | / | 210 |
| Castle | 1 | 360 | / | 210 |
| total: | 92 | 4375g | / | 2395w |
| 0:02 | Peasant |
| 0:02 | Peasant |
| 0:10 | Altar of Kings |
| 0:18 | Farm |
| 0:20 | Peasant |
| 0:20 | Peasant |
| 0:29 | Lumber Mill |
| 0:38 | Scout Tower |
| 0:40 | Peasant |
| 0:53 | Peasant |
| 0:59 | Peasant |
| 1:19 | Farm |
| 1:28 | Peasant |
| 1:34 | Peasant |
| 1:38 | Arcane Tower |
| 1:39 | Scout Tower |
| 1:43 | Scout Tower |
| 1:44 | Peasant |
| 1:58 | Scout Tower |
| 2:08 | Blizzard |
| 2:24 | Guard Tower |
| 2:25 | Scout Tower |
| 2:53 | Guard Tower |
| 2:54 | Scout Tower |
| 3:22 | Guard Tower |
| 3:23 | Scout Tower |
| 3:23 | Scout Tower |
| 3:36 | Guard Tower |
| 3:38 | Brilliance Aura |
| 3:41 | Improved Masonry |
| 3:42 | Peasant |
| 3:43 | Peasant |
| 3:43 | Peasant |
| 3:50 | Staff of Teleportation |
| 3:50 | Boots of Speed |
| 4:04 | Guard Tower |
| 4:11 | Advanced Masonry |
| 4:13 | Keep |
| 4:20 | Imbued Masonry |
| 4:29 | Farm |
| 4:46 | Guard Tower |
| 4:50 | Scout Tower |
| 4:50 | Scout Tower |
| 4:53 | Farm |
| 4:58 | Healing Salve |
| 5:23 | Guard Tower |
| 5:38 | Scout Tower |
| 5:38 | Scout Tower |
| 6:26 | Blizzard |
| 6:53 | Town Hall |
| 6:58 | Scout Tower |
| 6:58 | Scout Tower |
| 6:59 | Scout Tower |
| 6:59 | Scout Tower |
| 7:00 | Scout Tower |
| 7:00 | Scout Tower |
| 7:01 | Scout Tower |
| 7:01 | Scout Tower |
| 7:10 | Peasant |
| 7:11 | Peasant |
| 7:11 | Peasant |
| 7:42 | Storm Bolt |
| 7:46 | Guard Tower |
| 8:00 | Guard Tower |
| 8:16 | Guard Tower |
| 8:27 | Guard Tower |
| 8:42 | Potion of Healing |
| 9:05 | Guard Tower |
| 9:05 | Guard Tower |
| 9:06 | Peasant |
| 9:09 | Guard Tower |
| 9:12 | Improved Lumber Harvesting |
| 9:33 | Scroll of Town Portal |
| 9:35 | Healing Salve |
| 9:55 | Guard Tower |
| 9:59 | Scout Tower |
| 10:00 | Scout Tower |
| 10:00 | Scout Tower |
| 10:00 | Scout Tower |
| 10:25 | Arcane Vault |
| 10:27 | Arcane Vault |
| 11:02 | Scout Tower |
| 11:03 | Scout Tower |
| 11:03 | Scout Tower |
| 11:04 | Scout Tower |
| 11:06 | Scout Tower |
| 11:06 | Scout Tower |
| 11:07 | Scout Tower |
| 11:07 | Scout Tower |
| 11:08 | Scout Tower |
| 11:08 | Scout Tower |
| 11:30 | Boots of Speed |
| 11:37 | Periapt of Vitality |
| 11:43 | Castle |
| 11:50 | Staff of Teleportation |
| 12:01 | Guard Tower |
| 12:02 | Arcane Vault |
| 12:24 | Brilliance Aura |
| 12:34 | Guard Tower |
| 12:48 | Arcane Sanctum |
| 12:50 | Guard Tower |
| 13:09 | Guard Tower |
| 13:14 | Potion of Healing |
| 13:24 | Potion of Healing |
| 13:32 | Guard Tower |
| 13:40 | Scroll of Town Portal |
| 13:50 | Scroll of Regeneration |
| 13:56 | Guard Tower |
| 14:04 | Potion of Healing |
| 14:05 | Staff of Sanctuary |
| 14:09 | Peasant |
| 14:10 | Peasant |
| 14:10 | Peasant |
| 14:25 | Scout Tower |
| 14:25 | Scout Tower |
| 14:26 | Scout Tower |
| 14:31 | Magic Sentry |
| 14:31 | Priest |
| 14:44 | Guard Tower |
| 15:02 | Guard Tower |
| 15:17 | Holy Light |
| 15:24 | Guard Tower |
| 15:51 | Boots of Speed |
| 15:52 | Staff of Teleportation |
| 15:52 | Periapt of Vitality |
| 16:15 | Bash |
| 16:39 | Guard Tower |
| 16:40 | Scout Tower |
| 16:40 | Scout Tower |
| 16:41 | Scout Tower |
| 17:13 | Guard Tower |
| 17:14 | Scout Tower |
| 17:15 | Scout Tower |
| 17:15 | Scout Tower |
| 17:16 | Scout Tower |
| 17:24 | Scout Tower |
| 17:25 | Scout Tower |
| 17:26 | Scout Tower |
| 17:26 | Scout Tower |
| 17:28 | Scout Tower |
| 17:29 | Scout Tower |
| 17:29 | Scout Tower |
| 17:30 | Scout Tower |
| 17:30 | Scout Tower |
| 18:01 | Potion of Mana |
| 18:01 | Healing Salve |
| 18:08 | Guard Tower |
| 18:09 | Guard Tower |
| 18:11 | Guard Tower |
| 18:13 | Guard Tower |
| 18:25 | Guard Tower |
| 18:29 | Scout Tower |
| 18:30 | Scout Tower |
| 18:31 | Scout Tower |
| 18:32 | Blacksmith |
| 18:34 | Scout Tower |
| 18:35 | Scout Tower |
| 18:36 | Scout Tower |
| 18:37 | Scout Tower |
| 18:38 | Barracks |
| 18:40 | Scout Tower |
| 18:41 | Scout Tower |
| 18:41 | Scout Tower |
| 18:42 | Scout Tower |
| 18:43 | Scout Tower |
| 18:43 | Scout Tower |
| 18:48 | Gryphon Aviary |
| 18:53 | Guard Tower |
| 18:55 | Guard Tower |
| 19:01 | Advanced Lumber Harvesting |
| 19:32 | Guard Tower |
| 19:45 | Guard Tower |
| 19:48 | Scout Tower |
| 19:49 | Scout Tower |
| 20:16 | Staff of Sanctuary |
| 20:18 | Scroll of Town Portal |
| 20:20 | Guard Tower |
| 20:23 | Guard Tower |
| 20:33 | Arcane Tower |
| 20:34 | Arcane Tower |
| 20:35 | Guard Tower |
| 20:52 | Orb of Lightning |
| 20:52 | Orb of Lightning |
| 21:06 | Staff of Sanctuary |
| 21:15 | Guard Tower |
| 21:27 | Guard Tower |
| 21:28 | Guard Tower |
| 21:29 | Guard Tower |
| 21:29 | Guard Tower |
| 22:10 | Scout Tower |
| 22:10 | Scout Tower |
| 22:11 | Scout Tower |
| 22:44 | Guard Tower |
| 22:45 | Dragonhawk Rider |
| 22:46 | Dragonhawk Rider |
| 22:48 | Farm |
| 22:58 | Arcane Tower |
| 23:11 | Dragonhawk Rider |
| 23:15 | Scout Tower |
| 23:15 | Scout Tower |
| 23:16 | Scout Tower |
| 23:18 | Scout Tower |
| 23:20 | Scout Tower |
| 23:20 | Scout Tower |
| 23:34 | Cloud |
| 24:04 | Orb of Lightning |
| 24:22 | Guard Tower |
| 25:48 | Dragonhawk Rider |
| 25:55 | Iron Forged Swords |
| 25:55 | Studded Leather Armor |
| 25:56 | Animal War Training |
| Right click | 2363 |
| Select | 746 |
| Select group | 306 |
| Build/train/purchase | 217 |
| Use ability | 89 |
| Chat | 72 |
| Resource trade | 54 |
| Assign group | 17 |
| Item give/drop | 12 |
| Misc. action | 11 |
| Minimap ping | 5 |
| Remove unit | 2 |



| Lesser Clarity Potion | 1 | 70 |
| Scroll of Regeneration | 1 | 100 |
| Staff of Sanctuary | 3 | 750 |
| Orb of Fire | 2 | 650 |
| Boots of Speed | 3 | 750 |
| Staff of Teleportation | 4 | 600 |
| Circlet of Nobility | 1 | 175 |
| Healing Salve | 1 | 100 |
| total: | 16 | 3195g |
| Peasant | 36 | 2700 | / | 0 |
| Dragonhawk Rider | 6 | 1200 | / | 180 |
| total: | 42 | 3900g | / | 180w |
| Scout Tower | 81 | 2430 | / | 1620 |
| Arcane Tower | 4 | 280 | / | 200 |
| Guard Tower | 33 | 2310 | / | 1650 |
| Altar of Kings | 1 | 180 | / | 50 |
| Farm | 7 | 560 | / | 140 |
| Lumber Mill | 2 | 240 | / | 0 |
| Town Hall | 1 | 385 | / | 205 |
| Arcane Vault | 3 | 390 | / | 90 |
| Blacksmith | 1 | 140 | / | 60 |
| Barracks | 1 | 160 | / | 60 |
| Arcane Sanctum | 1 | 150 | / | 140 |
| Gryphon Aviary | 1 | 140 | / | 150 |
| Keep | 1 | 320 | / | 210 |
| Castle | 1 | 360 | / | 210 |
| total: | 99 | 4775g | / | 2515w |
| 0:03 | Peasant |
| 0:03 | Peasant |
| 0:06 | Altar of Kings |
| 0:09 | Farm |
| 0:31 | Peasant |
| 0:49 | Scout Tower |
| 0:59 | Peasant |
| 0:59 | Peasant |
| 1:06 | Peasant |
| 1:13 | Farm |
| 1:18 | Lumber Mill |
| 1:20 | Arcane Tower |
| 1:22 | Scout Tower |
| 1:24 | Peasant |
| 1:24 | Peasant |
| 1:32 | Peasant |
| 1:32 | Peasant |
| 1:40 | Peasant |
| 1:51 | Peasant |
| 1:54 | Farm |
| 2:04 | Blizzard |
| 2:12 | Peasant |
| 2:16 | Peasant |
| 2:28 | Guard Tower |
| 2:29 | Peasant |
| 2:50 | Scout Tower |
| 2:51 | Scout Tower |
| 2:56 | Peasant |
| 3:21 | Guard Tower |
| 3:24 | Healing Salve |
| 3:24 | Lesser Clarity Potion |
| 4:01 | Peasant |
| 4:01 | Peasant |
| 4:02 | Peasant |
| 4:41 | Brilliance Aura |
| 4:56 | Town Hall |
| 4:59 | Arcane Vault |
| 5:20 | Scout Tower |
| 5:20 | Scout Tower |
| 5:21 | Scout Tower |
| 5:29 | Scroll of Regeneration |
| 5:36 | Keep |
| 5:45 | Arcane Tower |
| 6:18 | Guard Tower |
| 6:21 | Scout Tower |
| 6:46 | Scout Tower |
| 7:20 | Scout Tower |
| 7:21 | Scout Tower |
| 7:25 | Scout Tower |
| 7:29 | Improved Masonry |
| 7:42 | Peasant |
| 7:43 | Peasant |
| 7:43 | Guard Tower |
| 7:46 | Scout Tower |
| 8:08 | Guard Tower |
| 8:18 | Guard Tower |
| 8:25 | Peasant |
| 8:25 | Peasant |
| 8:25 | Peasant |
| 8:25 | Peasant |
| 8:44 | Guard Tower |
| 8:54 | Scout Tower |
| 8:55 | Scout Tower |
| 8:59 | Peasant |
| 8:59 | Peasant |
| 9:12 | Peasant |
| 9:12 | Peasant |
| 9:18 | Scout Tower |
| 9:51 | Guard Tower |
| 9:53 | Scout Tower |
| 10:07 | Blizzard |
| 10:27 | Boots of Speed |
| 10:48 | Peasant |
| 10:48 | Peasant |
| 10:52 | Arcane Sanctum |
| 11:03 | Guard Tower |
| 11:10 | Lumber Mill |
| 11:14 | Peasant |
| 11:14 | Peasant |
| 11:20 | Advanced Masonry |
| 11:40 | Scout Tower |
| 11:41 | Scout Tower |
| 11:58 | Peasant |
| 11:59 | Peasant |
| 12:04 | Farm |
| 12:05 | Magic Sentry |
| 12:13 | Guard Tower |
| 12:14 | Guard Tower |
| 12:16 | Scout Tower |
| 12:17 | Scout Tower |
| 12:18 | Scout Tower |
| 12:19 | Scout Tower |
| 12:25 | Staff of Teleportation |
| 12:33 | Peasant |
| 12:35 | Storm Bolt |
| 12:43 | Improved Lumber Harvesting |
| 12:48 | Guard Tower |
| 12:49 | Scout Tower |
| 12:49 | Scout Tower |
| 13:22 | Guard Tower |
| 13:25 | Scout Tower |
| 13:26 | Scout Tower |
| 13:28 | Castle |
| 13:35 | Circlet of Nobility |
| 13:36 | Boots of Speed |
| 13:48 | Scout Tower |
| 13:49 | Scout Tower |
| 13:56 | Staff of Teleportation |
| 14:20 | Guard Tower |
| 14:22 | Arcane Vault |
| 14:22 | Arcane Vault |
| 14:32 | Gryphon Aviary |
| 14:36 | Blacksmith |
| 14:40 | Barracks |
| 14:49 | Guard Tower |
| 14:51 | Scout Tower |
| 14:52 | Scout Tower |
| 15:08 | Scout Tower |
| 15:09 | Scout Tower |
| 15:12 | Scout Tower |
| 15:13 | Scout Tower |
| 15:52 | Guard Tower |
| 16:14 | Bash |
| 16:21 | Scout Tower |
| 16:23 | Scout Tower |
| 16:24 | Scout Tower |
| 16:25 | Scout Tower |
| 16:26 | Animal War Training |
| 16:29 | Imbued Masonry |
| 16:48 | Staff of Sanctuary |
| 16:50 | Orb of Fire |
| 16:57 | Farm |
| 17:02 | Dragonhawk Rider |
| 17:06 | Guard Tower |
| 17:17 | Advanced Lumber Harvesting |
| 17:23 | Guard Tower |
| 17:25 | Guard Tower |
| 17:59 | Scout Tower |
| 18:00 | Scout Tower |
| 18:00 | Scout Tower |
| 18:01 | Scout Tower |
| 18:02 | Scout Tower |
| 18:04 | Holy Light |
| 18:24 | Farm |
| 18:42 | Scout Tower |
| 18:44 | Scout Tower |
| 18:46 | Guard Tower |
| 18:58 | Dragonhawk Rider |
| 18:59 | Dragonhawk Rider |
| 19:00 | Studded Leather Armor |
| 19:08 | Guard Tower |
| 19:10 | Scout Tower |
| 19:10 | Scout Tower |
| 19:11 | Scout Tower |
| 19:12 | Scout Tower |
| 19:14 | Scout Tower |
| 19:14 | Scout Tower |
| 19:16 | Guard Tower |
| 19:26 | Staff of Sanctuary |
| 19:46 | Guard Tower |
| 19:49 | Orb of Fire |
| 20:39 | Guard Tower |
| 20:44 | Scout Tower |
| 20:44 | Scout Tower |
| 20:45 | Scout Tower |
| 20:45 | Scout Tower |
| 20:46 | Scout Tower |
| 20:46 | Scout Tower |
| 20:47 | Scout Tower |
| 20:47 | Scout Tower |
| 20:54 | Scout Tower |
| 20:55 | Scout Tower |
| 20:55 | Scout Tower |
| 20:56 | Scout Tower |
| 20:57 | Scout Tower |
| 20:58 | Scout Tower |
| 21:12 | Dragonhawk Rider |
| 21:12 | Dragonhawk Rider |
| 21:16 | Farm |
| 21:19 | Reinforced Leather Armor |
| 21:20 | Iron Forged Swords |
| 21:23 | Dragonhawk Rider |
| 21:23 | Cloud |
| 21:27 | Guard Tower |
| 21:31 | Scout Tower |
| 21:32 | Scout Tower |
| 21:33 | Scout Tower |
| 21:34 | Scout Tower |
| 21:35 | Scout Tower |
| 21:36 | Scout Tower |
| 21:50 | Guard Tower |
| 21:57 | Staff of Sanctuary |
| 22:05 | Arcane Tower |
| 22:07 | Guard Tower |
| 22:23 | Boots of Speed |
| 22:23 | Staff of Teleportation |
| 22:40 | Staff of Teleportation |
| 22:44 | Guard Tower |
| 22:51 | Guard Tower |
| 22:57 | Guard Tower |
| 23:05 | Scout Tower |
| 23:06 | Scout Tower |
| 23:06 | Scout Tower |
| 23:07 | Scout Tower |
| 23:10 | Scout Tower |
| 23:11 | Scout Tower |
| 23:11 | Scout Tower |
| 24:02 | Dragonhide Armor |
| 24:03 | Steel Forged Swords |
| 24:07 | Guard Tower |
| 24:10 | Scout Tower |
| 24:11 | Scout Tower |
| 24:20 | Guard Tower |
| 24:56 | Brilliance Aura |
| 25:17 | Guard Tower |
| 25:49 | Storm Bolt |
| Right click | 1599 |
| Select group | 836 |
| Select | 351 |
| Build/train/purchase | 161 |
| Use ability | 81 |
| Chat | 74 |
| Misc. action | 66 |
| Assign group | 16 |
| Esc | 6 |
| Minimap ping | 5 |
| Item give/drop | 3 |
189 units @ 25.7k
/ 3.5k
102 buildings @ 13.7k
/ 6.5k
⇛
Adryy8
(2)
(26:02) : 

| Scroll of Regeneration | 1 | 100 |
| Potion of Mana | 1 | 200 |
| Scroll of Healing | 1 | 250 |
| Scroll of Town Portal | 1 | 350 |
| total: | 4 | 900g |
| Peasant | 17 | 1275 | / | 0 |
| Rifleman | 8 | 1640 | / | 240 |
| Mortar Team | 6 | 1080 | / | 420 |
| Dragonhawk Rider | 4 | 800 | / | 120 |
| total: | 35 | 4795g | / | 780w |
| Scout Tower | 18 | 540 | / | 360 |
| Guard Tower | 6 | 420 | / | 300 |
| Blacksmith | 1 | 140 | / | 60 |
| Farm | 14 | 1120 | / | 280 |
| Barracks | 1 | 160 | / | 60 |
| Altar of Kings | 1 | 180 | / | 50 |
| Arcane Vault | 1 | 130 | / | 30 |
| Lumber Mill | 1 | 120 | / | 0 |
| Town Hall | 1 | 385 | / | 205 |
| Workshop | 2 | 280 | / | 280 |
| Gryphon Aviary | 2 | 280 | / | 300 |
| Keep | 1 | 320 | / | 210 |
| Castle | 1 | 360 | / | 210 |
| total: | 42 | 3335g | / | 1625w |
| 0:04 | Peasant |
| 0:04 | Peasant |
| 0:04 | Peasant |
| 0:22 | Blacksmith |
| 0:38 | Farm |
| 0:52 | Barracks |
| 1:07 | Altar of Kings |
| 1:14 | Peasant |
| 1:27 | Peasant |
| 1:31 | Peasant |
| 1:40 | Farm |
| 2:00 | Rifleman |
| 2:29 | Rifleman |
| 2:34 | Farm |
| 2:50 | Peasant |
| 2:50 | Peasant |
| 2:57 | Arcane Vault |
| 3:05 | Farm |
| 3:17 | Storm Bolt |
| 3:33 | Rifleman |
| 3:54 | Rifleman |
| 4:03 | Black Gunpowder |
| 4:12 | Lumber Mill |
| 4:51 | Bash |
| 4:58 | Rifleman |
| 5:00 | Studded Leather Armor |
| 5:02 | Peasant |
| 5:02 | Peasant |
| 5:05 | Farm |
| 5:14 | Scroll of Regeneration |
| 5:42 | Rifleman |
| 6:05 | Keep |
| 6:19 | Storm Bolt |
| 6:37 | Rifleman |
| 6:47 | Farm |
| 6:49 | Farm |
| 6:52 | Improved Masonry |
| 7:23 | Scroll of Healing |
| 7:43 | Farm |
| 7:45 | Farm |
| 8:36 | Long Rifles |
| 8:57 | Bash |
| 9:15 | Workshop |
| 9:17 | Workshop |
| 9:21 | Refined Gunpowder |
| 9:22 | Reinforced Leather Armor |
| 9:27 | Rifleman |
| 9:34 | Holy Light |
| 10:35 | Advanced Masonry |
| 10:35 | Improved Lumber Harvesting |
| 10:38 | Mortar Team |
| 10:42 | Mortar Team |
| 10:48 | Farm |
| 11:25 | Mortar Team |
| 11:29 | Farm |
| 11:33 | Farm |
| 12:44 | Mortar Team |
| 13:42 | Mortar Team |
| 14:15 | Divine Shield |
| 14:27 | Mortar Team |
| 15:14 | Castle |
| 15:56 | Potion of Mana |
| 16:26 | Scroll of Town Portal |
| 17:27 | Town Hall |
| 17:53 | Storm Bolt |
| 18:23 | Holy Light |
| 18:33 | Peasant |
| 18:33 | Peasant |
| 18:33 | Peasant |
| 18:33 | Peasant |
| 18:41 | Gryphon Aviary |
| 18:45 | Farm |
| 18:46 | Farm |
| 19:03 | Scout Tower |
| 19:05 | Scout Tower |
| 20:21 | Cloud |
| 20:23 | Gryphon Aviary |
| 20:31 | Guard Tower |
| 20:34 | Scout Tower |
| 20:36 | Scout Tower |
| 20:38 | Scout Tower |
| 20:39 | Scout Tower |
| 20:40 | Scout Tower |
| 20:42 | Scout Tower |
| 20:43 | Scout Tower |
| 20:44 | Scout Tower |
| 20:45 | Scout Tower |
| 20:46 | Scout Tower |
| 21:05 | Guard Tower |
| 21:14 | Imbued Masonry |
| 21:14 | Advanced Lumber Harvesting |
| 21:15 | Imbued Gunpowder |
| 21:16 | Iron Forged Swords |
| 21:51 | Dragonhawk Rider |
| 22:42 | Fragmentation Shards |
| 22:44 | Flak Cannons |
| 22:44 | Flying Machine Bombs |
| 22:48 | Guard Tower |
| 22:49 | Peasant |
| 22:49 | Peasant |
| 22:49 | Peasant |
| 23:21 | Dragonhawk Rider |
| 23:24 | Flare |
| 23:26 | Barrage |
| 23:32 | Guard Tower |
| 23:34 | Scout Tower |
| 23:35 | Scout Tower |
| 23:35 | Scout Tower |
| 23:36 | Scout Tower |
| 23:36 | Scout Tower |
| 23:37 | Scout Tower |
| 24:07 | Dragonhawk Rider |
| 24:08 | Dragonhawk Rider |
| 24:10 | Steel Forged Swords |
| 24:31 | Guard Tower |
| 25:57 | Guard Tower |
| Right click | 672 |
| Select | 357 |
| Select group | 294 |
| Chat | 106 |
| Build/train/purchase | 92 |
| Use ability | 33 |
| Assign group | 28 |
| Minimap ping | 19 |
| Misc. action | 6 |
| Resource trade | 4 |
| Item give/drop | 2 |
| Remove unit | 1 |
| Esc | 1 |

| Wisp | 29 | 1740 | / | 0 |
| Archer | 19 | 2470 | / | 190 |
| Hippogryph | 14 | 2240 | / | 280 |
| Chimaera | 12 | 3960 | / | 840 |
| Goblin Zeppelin | 1 | 240 | / | 60 |
| total: | 75 | 10650g | / | 1370w |
| Ancient Protector | 5 | 675 | / | 400 |
| Altar of Elders | 1 | 180 | / | 50 |
| Moon Well | 8 | 1440 | / | 320 |
| Ancient of War | 2 | 300 | / | 120 |
| Tree of Life | 2 | 680 | / | 370 |
| Hunter's Hall | 1 | 210 | / | 100 |
| Ancient of Wind | 2 | 300 | / | 280 |
| Chimaera Roost | 3 | 420 | / | 570 |
| Tree of Ages | 1 | 320 | / | 180 |
| Tree of Eternity | 2 | 660 | / | 400 |
| total: | 24 | 4205g | / | 2210w |
| 0:02 | Wisp |
| 0:02 | Wisp |
| 0:08 | Altar of Elders |
| 0:17 | Moon Well |
| 0:22 | Wisp |
| 0:33 | Wisp |
| 0:34 | Wisp |
| 0:43 | Wisp |
| 0:49 | Ancient of War |
| 0:54 | Wisp |
| 1:10 | Wisp |
| 1:15 | Wisp |
| 1:25 | Moon Well |
| 1:32 | Wisp |
| 1:50 | Archer |
| 1:53 | Wisp |
| 2:08 | Archer |
| 2:11 | Force of Nature |
| 2:59 | Tree of Ages |
| 3:52 | Tree of Life |
| 3:54 | Entangling Roots |
| 4:06 | Archer |
| 4:09 | Moon Well |
| 4:13 | Archer |
| 4:16 | Archer |
| 4:21 | Hunter's Hall |
| 4:24 | Ancient of War |
| 4:42 | Archer |
| 4:59 | Archer |
| 5:09 | Archer |
| 5:22 | Archer |
| 5:27 | Archer |
| 5:42 | Archer |
| 5:57 | Ancient of Wind |
| 5:57 | Wisp |
| 6:06 | Wisp |
| 6:21 | Ancient of Wind |
| 6:24 | Wisp |
| 6:28 | Entangling Roots |
| 6:37 | Improved Bows |
| 6:52 | Wisp |
| 6:52 | Wisp |
| 6:52 | Wisp |
| 6:56 | Wisp |
| 6:56 | Wisp |
| 7:13 | Wisp |
| 7:13 | Wisp |
| 7:16 | Hippogryph |
| 8:16 | Hippogryph |
| 8:17 | Hippogryph |
| 8:17 | Hippogryph |
| 8:17 | Hippogryph |
| 8:19 | Moon Well |
| 8:24 | Moon Well |
| 8:26 | Strength of the Moon |
| 8:56 | Archer |
| 8:57 | Archer |
| 8:58 | Hippogryph |
| 9:21 | Hippogryph |
| 9:21 | Archer |
| 9:28 | Archer |
| 9:32 | Tree of Eternity |
| 9:47 | Archer |
| 10:25 | Archer |
| 10:40 | Archer |
| 11:09 | Archer |
| 11:49 | Moon Well |
| 11:54 | Moon Well |
| 12:46 | Hippogryph |
| 12:46 | Hippogryph |
| 12:46 | Hippogryph |
| 12:46 | Hippogryph |
| 13:10 | Hippogryph |
| 13:31 | Hippogryph |
| 13:59 | Chimaera Roost |
| 14:00 | Chimaera Roost |
| 14:02 | Chimaera Roost |
| 14:34 | Strength of the Wild |
| 14:40 | Hippogryph |
| 15:11 | Moon Well |
| 15:35 | Corrosive Breath |
| 15:36 | Chimaera |
| 15:36 | Chimaera |
| 15:58 | Chimaera |
| 15:58 | Chimaera |
| 16:24 | Force of Nature |
| 16:31 | Chimaera |
| 17:11 | Chimaera |
| 17:11 | Chimaera |
| 17:11 | Chimaera |
| 18:09 | Ancient Protector |
| 18:12 | Ancient Protector |
| 18:12 | Ancient Protector |
| 18:15 | Ancient Protector |
| 18:17 | Ancient Protector |
| 18:47 | Tree of Life |
| 19:34 | Improved Strength of the Wild |
| 20:00 | Chimaera |
| 21:03 | Chimaera |
| 21:11 | Advanced Strength of the Wild |
| 22:03 | Goblin Zeppelin |
| 22:27 | Chimaera |
| 22:51 | Chimaera |
| 23:08 | Reinforced Hides |
| 23:30 | Wisp |
| 23:30 | Wisp |
| 23:30 | Wisp |
| 23:51 | Wisp |
| 23:51 | Wisp |
| 23:52 | Wisp |
| 23:52 | Wisp |
| 23:53 | Wisp |
| 24:24 | Improved Reinforced Hides |
| Right click | 1049 |
| Select group | 530 |
| Select | 473 |
| Assign group | 192 |
| Misc. action | 185 |
| Build/train/purchase | 135 |
| Chat | 43 |
| Use ability | 40 |
| Minimap ping | 31 |
| Esc | 28 |
| Resource trade | 4 |


| Potion of Healing | 2 | 300 |
| Scroll of Town Portal | 2 | 700 |
| Scroll of Regeneration | 2 | 200 |
| total: | 6 | 1200g |
| Acolyte | 10 | 750 | / | 0 |
| Ghoul | 5 | 600 | / | 0 |
| Crypt Fiend | 6 | 1290 | / | 240 |
| Frost Wyrm | 6 | 2310 | / | 720 |
| total: | 27 | 4950g | / | 960w |
| Nerubian Tower | 1 | 100 | / | 20 |
| Spirit Tower | 2 | 290 | / | 80 |
| Graveyard | 1 | 215 | / | 0 |
| Crypt | 1 | 200 | / | 50 |
| Altar of Darkness | 2 | 360 | / | 100 |
| Ziggurat | 7 | 1050 | / | 350 |
| Necropolis | 1 | 225 | / | 0 |
| Tomb of Relics | 1 | 130 | / | 30 |
| Sacrificial Pit | 1 | 75 | / | 150 |
| Boneyard | 2 | 350 | / | 400 |
| Halls of the Dead | 1 | 320 | / | 210 |
| Black Citadel | 1 | 325 | / | 230 |
| total: | 16 | 2605g | / | 1080w |
| 0:04 | Acolyte |
| 0:04 | Acolyte |
| 0:09 | Graveyard |
| 0:13 | Crypt |
| 0:15 | Altar of Darkness |
| 0:17 | Ziggurat |
| 0:32 | Ziggurat |
| 0:53 | Altar of Darkness |
| 1:14 | Ghoul |
| 1:23 | Ghoul |
| 1:35 | Ghoul |
| 2:05 | Ghoul |
| 2:08 | Ziggurat |
| 2:21 | Acolyte |
| 2:25 | Crypt Fiend |
| 2:52 | Crypt Fiend |
| 2:57 | Death Coil |
| 3:09 | Crypt Fiend |
| 3:48 | Halls of the Dead |
| 4:19 | Unholy Aura |
| 4:35 | Necropolis |
| 4:53 | Crypt Fiend |
| 5:13 | Creature Carapace |
| 5:25 | Death Coil |
| 5:37 | Crypt Fiend |
| 6:08 | Acolyte |
| 6:08 | Acolyte |
| 6:08 | Acolyte |
| 6:08 | Acolyte |
| 6:17 | Ziggurat |
| 6:17 | Ziggurat |
| 6:36 | Tomb of Relics |
| 7:15 | Black Citadel |
| 7:40 | Sacrificial Pit |
| 7:47 | Web |
| 7:49 | Crypt Fiend |
| 8:00 | Scroll of Town Portal |
| 8:01 | Potion of Healing |
| 8:22 | Creature Attack |
| 9:03 | Unholy Aura |
| 9:36 | Boneyard |
| 9:37 | Boneyard |
| 9:44 | Improved Creature Attack |
| 10:08 | Frost Nova |
| 10:50 | Frost Wyrm |
| 11:16 | Frost Wyrm |
| 11:22 | Frost Armor |
| 11:29 | Ziggurat |
| 12:04 | Frost Wyrm |
| 12:36 | Improved Creature Carapace |
| 12:45 | Unholy Aura |
| 12:51 | Frost Nova |
| 12:55 | Ghoul |
| 13:26 | Acolyte |
| 13:26 | Acolyte |
| 13:26 | Acolyte |
| 13:28 | Nerubian Tower |
| 13:52 | Ziggurat |
| 14:23 | Freezing Breath |
| 16:19 | Frost Wyrm |
| 17:23 | Frost Wyrm |
| 17:54 | Spirit Tower |
| 18:19 | Spirit Tower |
| 18:24 | Frost Wyrm |
| 19:51 | Frost Armor |
| 21:27 | Scroll of Town Portal |
| 21:27 | Scroll of Regeneration |
| 21:31 | Potion of Healing |
| 21:41 | Scroll of Regeneration |
| 26:00 | Animate Dead |
| 26:03 | Frost Nova |
| Right click | 593 |
| Select group | 299 |
| Select | 177 |
| Build/train/purchase | 79 |
| Use ability | 60 |
| Misc. action | 59 |
| Assign group | 32 |
| Minimap ping | 19 |
| Item give/drop | 3 |


| Wisp | 24 | 1440 | / | 0 |
| Archer | 21 | 2730 | / | 210 |
| Hippogryph | 7 | 1120 | / | 140 |
| total: | 52 | 5290g | / | 350w |
| Ancient Protector | 6 | 810 | / | 480 |
| Altar of Elders | 1 | 180 | / | 50 |
| Moon Well | 7 | 1260 | / | 280 |
| Ancient of War | 1 | 150 | / | 60 |
| Hunter's Hall | 1 | 210 | / | 100 |
| Tree of Life | 2 | 680 | / | 370 |
| Ancient of Wind | 2 | 300 | / | 280 |
| Tree of Ages | 1 | 320 | / | 180 |
| Tree of Eternity | 1 | 330 | / | 200 |
| total: | 20 | 3590g | / | 1620w |
| 0:03 | Wisp |
| 0:03 | Wisp |
| 0:03 | Wisp |
| 0:03 | Wisp |
| 0:11 | Altar of Elders |
| 0:18 | Moon Well |
| 0:40 | Ancient of War |
| 0:59 | Wisp |
| 1:00 | Wisp |
| 1:24 | Moon Well |
| 1:31 | Wisp |
| 1:58 | Moon Well |
| 2:01 | Archer |
| 2:10 | Evasion |
| 2:15 | Archer |
| 2:28 | Archer |
| 2:48 | Archer |
| 3:26 | Archer |
| 3:28 | Tree of Ages |
| 3:38 | Archer |
| 4:17 | Archer |
| 4:32 | Archer |
| 4:40 | Moon Well |
| 4:53 | Archer |
| 5:05 | Archer |
| 5:50 | Tree of Eternity |
| 6:36 | Mana Burn |
| 7:00 | Improved Bows |
| 7:03 | Moon Well |
| 7:32 | Hunter's Hall |
| 8:22 | Evasion |
| 9:14 | Ancient of Wind |
| 9:20 | Archer |
| 9:20 | Archer |
| 9:20 | Archer |
| 9:41 | Ancient of Wind |
| 9:43 | Archer |
| 9:44 | Archer |
| 9:46 | Strength of the Moon |
| 9:46 | Moon Armor |
| 9:51 | Wisp |
| 9:51 | Wisp |
| 11:00 | Hippogryph |
| 11:01 | Hippogryph |
| 11:04 | Entangling Roots |
| 11:27 | Hippogryph |
| 11:29 | Archer |
| 11:29 | Archer |
| 12:00 | Hippogryph |
| 14:00 | Archer |
| 14:00 | Archer |
| 14:02 | Hippogryph |
| 14:29 | Archer |
| 15:16 | Hippogryph |
| 15:18 | Archer |
| 17:07 | Improved Strength of the Moon |
| 17:12 | Moon Well |
| 18:10 | Moon Well |
| 18:22 | Force of Nature |
| 18:32 | Ancient Protector |
| 18:36 | Ancient Protector |
| 18:54 | Ancient Protector |
| 18:57 | Ancient Protector |
| 19:06 | Mana Burn |
| 19:15 | Tree of Life |
| 19:35 | Hippogryph |
| 20:45 | Tree of Life |
| 21:29 | Advanced Strength of the Moon |
| 23:01 | Improved Moon Armor |
| 23:11 | Wisp |
| 23:11 | Wisp |
| 23:11 | Wisp |
| 23:12 | Wisp |
| 23:39 | Wisp |
| 23:39 | Wisp |
| 23:40 | Wisp |
| 23:40 | Wisp |
| 23:42 | Wisp |
| 23:49 | Wisp |
| 24:42 | Wisp |
| 24:42 | Wisp |
| 24:42 | Wisp |
| 24:42 | Wisp |
| 24:42 | Wisp |
| 25:57 | Ancient Protector |
| 26:00 | Ancient Protector |
| Right click | 463 |
| Select group | 425 |
| Select | 188 |
| Build/train/purchase | 69 |
| Use ability | 44 |
| Minimap ping | 29 |
| Assign group | 13 |